 Dungeon Sprint DCSS version 0.26-a0-652-gafc20e3620 (webtiles) character file.

Game seed: 10810399965413387470

2774 rocky1 the Stormcaller (level 9, -5/45 HPs)
             Began as a Deep Elf Air Elementalist on Oct 3, 2020.
             Was a High Priest of Vehumet.
             Slain by a demonic crawler (11 damage)
             ... in the Dungeon (Sprint VII: "The Pits").
             The game lasted 00:10:03 (1720 turns).

rocky1 the Stormcaller (Deep Elf Air Elementalist)  Turns: 1720, Time: 00:10:04

Health: -5/45      AC:  3    Str:  5    XL:     9   Next: 42%
Magic:  3/25       EV: 13    Int: 24    God:    Vehumet [*****.]
Gold:   0          SH:  0    Dex: 15    Spells: 13/28 levels left

rFire    . . .     SeeInvis .   o - +0 lajatang (elec)
rCold    . . .     Faith    .   (shield currently unavailable)
rNeg     . . .     Spirit   .   a - +0 robe
rPois    .         Reflect  .   p - +0 helmet
rElec    .         Harm     .   (no cloak)
rCorr    .         Rampage  .   (no gloves)
MR       .....     NoTele   +   (no boots)
Stlth    ++........             (no amulet)
HPRegen  0.15/turn              (no ring)
MPRegen  0.19/turn              (no ring)

@: sluggish, very slow
A: no striking features
a: Renounce Religion


You were in the Dungeon.
You worshipped Vehumet.
Vehumet was extremely pleased with you.
You visited 1 branch

Inventory:

Hand Weapons
 l - a +2 long sword of flaming
 m - a +0 quarterstaff of protection
 o - a +0 lajatang of electrocution (weapon)
Armour
 a - a +0 robe (worn)
 p - a +0 helmet (worn)
Jewellery
 e - a +3 ring of protection
 f - a +3 ring of dexterity
Scrolls
 i - 3 scrolls of remove curse
 j - 5 scrolls of amnesia
 k - a scroll of summoning
Potions
 b - a potion of invisibility
 c - 6 potions of curing
 d - 4 potions of heal wounds
 g - 4 potions of berserk rage
 h - a potion of brilliance
 n - a potion of haste


   Skills:
 - Level 2.4 Dodging
 - Level 2.4 Stealth
 + Level 10.4 Spellcasting
 - Level 7.9 Conjurations
 + Level 18.1 Air Magic


You had 13 spell levels left.
You knew the following spells:

 Your Spells              Type           Power        Failure   Level
a - Shock                 Conj/Air       ####         1%          1
b - Swiftness             Air            #######.     0%          2
c - Airstrike             Air            #######...   1%          4
d - Lightning Bolt        Conj/Air       ######....   1%          5
e - Static Discharge      Conj/Air       ######..     1%          3

Your spell library contained the following spells:

 Spells                   Type           Power        Failure   Level
 Sticky Flame             Conj/Fire      ####....     2%          4


Dungeon Overview and Level Annotations

Branches:
Dungeon (1/1)

Altars:
Ashenzari
Cheibriados
Dithmenos
Elyvilon
Fedhas
Gozag
Hepliaklqana
Kikubaaqudgha
Makhleb
Nemelex Xobeh
Okawaru
Qazlal
Ru
Sif Muna
Trog
Uskayaw
Vehumet
Wu Jian
Xom
Yredelemnul
Zin
The Shining One
Beogh
Jiyva
Lugonu


Message History

The demonic crawler hits you. The demonic crawler closely misses you.
The demonic crawler hits you!
* * * LOW HITPOINT WARNING * * *
You feel much better. The demonic crawler hits you. x2
The demonic crawler barely misses you.
You barely miss the demonic crawler.
The demonic crawler is heavily wounded.
The demonic crawler barely misses you.
The demonic crawler completely misses you.
The demonic crawler closely misses you.
The demonic crawler hits you but does no damage.
The demonic crawler barely misses you. x2
You hit the demonic crawler.
The demonic crawler is heavily wounded.
The demonic crawler hits you!
* * * LOW HITPOINT WARNING * * *
The demonic crawler hits you!
* * * LOW HITPOINT WARNING * * *
The demonic crawler hits you!
You die...

##########++##########
#................##..#
#......#..#......##..#
#................''..#
'...............@s'..#
#......#..#......##........
#................##........
####'#####++###############
#.......# #.......#
#.......# #...<...#
#.......#


You could see a demonic crawler.

Vanquished Creatures
  Harold (D)
  An orc knight (D)
  2 deep elf magi (D)
  A red devil (D)
  A wraith (D)
  A floating eye (D)
  A necrophage (D)
  2 big kobolds (D)
  A scorpion (D)
  2 orc wizards (D)
  A mummy (D)
  A river rat (D)
  2 orcs (D)
  A ball python (D)
  A bat zombie (D)
  2 giant cockroaches (D)
  A goblin (D)
  A hobgoblin (D)
  2 frilled lizards (D)
  A kobold (D)
26 creatures vanquished.

Notes
Turn   | Place    | Note
-------+----------+-------------------------------------------
     0 | D        | rocky1 the Deep Elf Air Elementalist began the quest for
                  | the Orb.
     0 | D        | Reached XP level 1. HP: 10/10 MP: 6/6
    70 | D        | Found a bloodstained altar of Trog.
    70 | D        | Found a shimmering blue altar of Sif Muna.
    70 | D        | Found a viscous altar of Jiyva.
    70 | D        | Found a hazy altar of Hepliaklqana.
    70 | D        | Found an opulent altar of Gozag.
    71 | D        | Found a glowing golden altar of the Shining One.
    71 | D        | Found a glowing silver altar of Zin.
    71 | D        | Found a basalt altar of Yredelemnul.
    71 | D        | Found a shimmering altar of Xom.
    71 | D        | Found an ornate altar of the Wu Jian Council.
    71 | D        | Found a sacrificial altar of Ru.
    71 | D        | Found a stormy altar of Qazlal.
    71 | D        | Found an iron altar of Okawaru.
    71 | D        | Found a sparkling altar of Nemelex Xobeh.
    71 | D        | Found a burning altar of Makhleb.
    71 | D        | Found a blossoming altar of Fedhas.
    71 | D        | Found a white marble altar of Elyvilon.
    71 | D        | Found a shadowy altar of Dithmenos.
    71 | D        | Found a snail-covered altar of Cheibriados.
    74 | D        | Found a radiant altar of Vehumet.
    74 | D        | Found a corrupted altar of Lugonu.
    74 | D        | Found a roughly hewn altar of Beogh.
    75 | D        | Found a hide-covered altar of Uskayaw.
    75 | D        | Found an ancient bone altar of Kikubaaqudgha.
    75 | D        | Found a broken altar of Ashenzari.
    82 | D        | Became a worshipper of Vehumet
   117 | D        | Noticed a floating eye
   121 | D        | Reached skill level 5 in Air Magic
   121 | D        | Reached XP level 2. HP: 11/15 MP: 8/8
   122 | D        | Paralysed by a floating eye for 2 turns
   126 | D        | Killed a floating eye
   126 | D        | Reached * piety under Vehumet
   126 | D        | Offered knowledge of Magic Dart by Vehumet.
   126 | D        | Reached skill level 9 in Air Magic
   126 | D        | Reached XP level 3. HP: 15/19 MP: 9/9
   126 | D        | Reached XP level 4. HP: 19/24 MP: 10/10
   371 | D        | Learned a level 2 spell: Swiftness
   376 | D        | Learned a level 4 spell: Airstrike
   381 | D        | Offered knowledge of Sandblast by Vehumet.
   381 | D        | Reached ** piety under Vehumet
   381 | D        | Reached skill level 10 in Air Magic
   457 | D        | Reached *** piety under Vehumet
   457 | D        | Noticed a deep elf mage
   461 | D        | Killed a deep elf mage
   461 | D        | Reached skill level 14 in Air Magic
   461 | D        | Reached XP level 5. HP: 28/28 MP: 9/11
   461 | D        | Reached XP level 6. HP: 32/32 MP: 9/12
   461 | D        | Reached XP level 7. HP: 36/36 MP: 9/13
   553 | D        | Noticed a deep elf mage
   558 | D        | Killed a deep elf mage
   558 | D        | Offered knowledge of Mephitic Cloud by Vehumet.
   558 | D        | Reached skill level 16 in Air Magic
   590 | D        | Reached **** piety under Vehumet
   590 | D        | Reached XP level 8. HP: 26/40 MP: 1/14
   758 | D        | Learned a level 5 spell: Lightning Bolt
   765 | D        | Offered knowledge of Fulminant Prism by Vehumet.
   970 | D        | Noticed an orc knight
   979 | D        | Killed an orc knight
   979 | D        | Offered knowledge of Conjure Flame by Vehumet.
   979 | D        | Reached skill level 17 in Air Magic
  1202 | D        | Reached ***** piety under Vehumet
  1202 | D        | Offered knowledge of Sticky Flame by Vehumet.
  1212 | D        | Reached skill level 5 in Conjurations
  1321 | D        | Noticed a red devil
  1321 | D        | Noticed Harold
  1350 | D        | Killed Harold
  1350 | D        | Reached XP level 9. HP: 15/45 MP: 2/24
  1356 | D        | Killed a red devil
  1636 | D        | Learned a level 3 spell: Static Discharge
  1699 | D        | Noticed a demonic crawler
  1707 | D        | Reached skill level 10 in Spellcasting
  1707 | D        | Reached skill level 18 in Air Magic
  1720 | D        | Slain by a demonic crawler

Illustrated notes

Levels and vault maps discovered:
D:        pitsprint [storerooms_1, entrance_room_1, metal_vault_7, armoury_2,
          mini_pit_1, grid_room_1, main_hall_1, silver_pit, the_coven_2,
          the_vestibule_1, steel_vault_1, golden_pit, hallway_of_sentries,
          crystal_vault_3, iron_vault_1, final_vault]

Skill      XL: |  1  2  3  4  5  6  7  8  9 |
---------------+----------------------------+-----
Air Magic      | 5 9 14 16 17 18 | 18.1
Spellcasting   | 9 10 | 10.4
Conjurations   | 7 |  7.9
Dodging        | |  2.4
Stealth        | |  2.4

Action                   |  1- 3 |  4- 6 |  7- 9 || total
-------------------------+-------+-------+-------++-------
Melee: Quarterstaff      |     6 |       |    27 ||    33
       Lajatang          |       |       |     6 ||     6
 Cast: Shock             |     4 |     8 |    11 ||    23
       Airstrike         |       |     2 |    14 ||    16
       Swiftness         |       |       |     2 ||     2
       Lightning Bolt    |       |       |    19 ||    19
       Static Discharge  |       |       |     1 ||     1
  Use: Potion            |     1 |     1 |    16 ||    18
       Scroll            |       |       |     1 ||     1
 Stab: Invisible         |       |       |     2 ||     2
Armor: Robe              |     1 |     2 |     9 ||    12
Dodge: Dodged            |     2 |     2 |    56 ||    60

Table legend: (Time is in decaauts)
 A = Elapsed time spent in this place.
 B = Non-inter-level travel time spent in this place.
 C = Inter-level travel time spent in this place.
 D = Time resting spent in this place.
 E = Time spent auto-exploring this place.
 F = Levels seen in this place.
 G = Mean time per level.
                   A        B        C        D        E       F      G
               +--------+--------+--------+--------+--------+-----+--------+
         Total |   1737 |   1737 |      0 |   1259 |      0 |   1 | 1737.0 |
       Dungeon |   1737 |   1737 |      0 |   1259 |      0 |   1 | 1737.0 |
               +--------+--------+--------+--------+--------+-----+--------+

Top non-repeatable levels by time:
       D: 1737 daAuts
